AoeStats
← Mr. Penis

MegaRandom

508616294Analyzed
4v4 RM · 8d ago on Sep 23, 2026· 31m 11s· 8 players
Game mode
Random Map
Map size
Large (8 player)
Population
200
Speed
Normal
Resources
Standard
Victory
Conquest
Starting age
Dark Age
Ending age
Imperial Age
RankedLock teamsTeams togetherTeam positionsShared explorationLock speedFull tech treeHidden civsTurbo modeCheats
Victory
Defeat
🇷🇺 Jurchens · Russia
1211
+14
🇨🇳 Saxons · China
1184
+15
🇹🇼 Poles · Taiwan
1182
+15
1177
+16
🇳🇴 Danes · Norway
1255
-18
🇦🇺 Saxons · Australia
1156
-15
🇲🇩 Franks · Moldova
1144
-14
🇳🇿 Portuguese · New Zealand
1127
-13
SlyFever
0:47 Loom
9:01 Loom
11:22 Feudal Age
12:02 Double-Bit Axe
14:41 Horse Collar
18:15 Castle Age
18:58 Heavy Plow
22:24 Fletching
24:56 Bodkin Arrow
26:38 Wheelbarrow
25:52 Arson
27:22 Forging
27:43 Squires
29:20 Scale Mail Armor
30:33 Chain Mail Armor
31:11 Iron Casting
Red
8:46 Loom
11:06 Feudal Age
12:23 Horse Collar
13:25 Bloodlines
15:12 Double-Bit Axe
15:50 Scale Barding Armor
18:52 Forging
19:53 Scale Mail Armor
25:45 Castle Age
25:50 Light Cavalry
26:30 Husbandry
26:51 Chain Barding Armor
27:07 Iron Casting
Mr. Penis
10:31 Feudal Age
11:42 Double-Bit Axe
11:38 Horse Collar
15:53 Bloodlines
20:34 Castle Age
19:18 Scale Barding Armor
22:05 Loom
22:55 Wheelbarrow
22:33 Bow Saw
22:25 Heavy Plow
22:29 Husbandry
25:52 Gold Mining
25:53 Stone Mining
26:28 Fervor
27:55 Sanctity
28:22 Hand Cart
28:44 Gold Shaft Mining
29:46 Town Watch
30:38 Stone Shaft Mining
33:34 Imperial Age
31:47 Town Patrol
KC:猩猩之火足以燎原
8:13 Loom
8:48 Loom
10:49 Feudal Age
15:44 Castle Age
14:08 Double-Bit Axe
20:14 Bow Saw
19:50 Horse Collar
20:22 Stone Mining
21:15 Heavy Plow
23:06 Wheelbarrow
23:56 Gold Mining
29:28 Imperial Age
27:23 Scale Barding Armor
27:51 Forging
28:03 Bloodlines
28:54 Hand Cart
28:27 Town Watch
29:28 Chain Barding Armor
29:23 Grand Trunk Road
30:02 Husbandry
29:36 Heavy Camel Rider
31:25 Iron Casting
Dagis
6:08 Loom
9:38 Feudal Age
13:09 Double-Bit Axe
15:13 Fletching
21:39 Castle Age
19:54 Gold Mining
21:24 Padded Archer Armor
22:40 Bodkin Arrow
25:33 Bloodlines
25:24 Husbandry
26:53 Thumb Ring
27:41 Bow Saw
28:46 Ballistics
Anchorwall
4:11 Loom
11:22 Feudal Age
16:02 Castle Age
15:30 Gold Mining
15:32 Double-Bit Axe
17:18 Wheelbarrow
24:04 Husbandry
25:02 Bow Saw
28:56 Forging
29:05 Scale Barding Armor
Vanilla Gorilla
9:17 Loom
11:03 Feudal Age
15:33 Castle Age
15:04 Double-Bit Axe
15:01 Horse Collar
23:01 Bow Saw
23:05 Heavy Plow
25:02 Wheelbarrow
28:00 Hand Cart
27:39 Gold Mining
28:52 Scale Mail Armor
30:17 Chain Mail Armor
31:04 Forging
captincrofty
5:17 Loom
11:33 Feudal Age
12:14 Horse Collar
12:32 Double-Bit Axe
18:17 Castle Age
16:23 Stone Mining
20:44 Gold Mining
27:07 Imperial Age
28:22 Bow Saw
29:39 Stone Shaft Mining
Connection lost

Rejoining the realm…

Still unreachable

The connection could not be restored.

Session expired

The server has moved on; the page needs a fresh start.